[Event "Titled Tuesday Blitz March 15 Late 2022"]
[White "Constantinou, Peter"]
[Black "Jaferian, Koosha"]
[WhiteFideId "413038"]
[BlackFideId "12507440"]
[WhiteElo "2230"]
[BlackElo "2030"]
[Result "0-1"]
[Round "01"]
[TimeControl "180+1"]
[Date "2022.03.16"]
[WhiteClock "0:00:12"]
[BlackClock "0:00:10"]

1. e4 c6 2. Nc3 d5 3. Nf3 Bg4 4. h3 Bxf3 5. Qxf3 e6 6. Be2 Bc5 7. O-O Nd7 8. Rd1 Ne7 9. d4 Bd6 10. Bg5 O-O 11. Bd3 h6 12. Bh4 Qe8 13. Re1 Ng6 14. Bg3 Bxg3 15. Qxg3 dxe4 16. Nxe4 Ne7 17. c4 Nf5 18. Qf4 Qd8 19. Nc3 Qf6 20. Bxf5 exf5 21. Rad1 Nb6 22. b3 Rad8 23. Qe5 Qg6 24. Re3 Kh7 25. Rg3 Nd7 26. Qc7 Qf6 27. Qxb7 Rfe8 28. Rf3 Nf8 29. Qxa7 Ne6 30. d5 Ng5 31. Rfd3 f4 32. Qd4 Qg6 33. Kf1 f3 34. g3 Nxh3 35. Qh4 Ng5 36. d6 c5 37. d7 Re7 38. Nd5 Rexd7 39. a4 Rd6 40. Qf4 Ne6 41. Qe5 Nd4 42. Re1 Qg4 43. Qe4+ Qxe4 44. Rxe4 f5 45. Rexd4 cxd4 46. Rxd4 Re6 47. a5 Rde8 48. Rd1 Re2 49. b4 Ra2 50. Ne3 g6 51. c5 g5 52. c6 f4 53. gxf4 gxf4 54. Rd7+ Kg6 55. Rd6+ Kg5 56. Rd5+ Kg6 57. Nd1 Ree2 58. c7 Rec2 59. Rd7 Rd2 60. Rxd2 Rxd2 61. Nc3 Rc2 62. Ke1 Rxc3 63. b5 Rxc7 64. b6 Rb7 65. Kd2 h5 66. Kc3 h4 67. Kb4 h3 68. Kb5 h2 69. Kc6 Rf7 70. b7 Rxb7 71. Kxb7 h1=Q 72. a6 Qb1+ 73. Kc7 Qc2+ 74. Kb7 Qxf2 75. Kc7 Qc5+ 0-1


[Site "https://www.chess.com"]

[Event "Titled Tuesday Blitz March 15 Late 2022"]
[White "Daneshvar, Bardiya"]
[Black "Chen, Justin"]
[WhiteFideId "12576468"]
[BlackFideId "2098199"]
[WhiteElo "2295"]
[BlackElo "2437"]
[Result "0-1"]
[Round "01"]
[TimeControl "180+1"]
[Date "2022.03.16"]
[WhiteClock "0:00:51"]
[BlackClock "0:00:02"]

1. b3 c5 2. g3 Nc6 3. Bg2 d5 4. Bb2 Nf6 5. d3 g6 6. e3 Bg7 7. h3 O-O 8. Nd2 e5 9. Ne2 b6 10. O-O Bb7 11. a3 Re8 12. c4 Qd7 13. cxd5 Nxd5 14. Nc4 Rad8 15. Qc2 Nc7 16. Rad1 b5 17. Nd2 Qxd3 18. Qxc5 Qxe2 19. Bf3 Rxd2 20. Bxe2 Rxe2 21. Rd7 Rc8 22. Qd6 Ne8 23. Qd5 Nd8 24. Rxb7 Rxb2 25. Rxa7 Rb8 26. Rd1 Ne6 27. Qd7 Ng5 28. h4 Nf6 29. Qc7 Nh3+ 30. Kg2 Rxf2+ 31. Kxh3 Rf8 32. Rd8 Ne4 33. Rxf8+ Bxf8 34. Qxe5 Nd2 35. Qxb5 Nf1 36. Qb7 h5 37. Qh1 Nxe3 38. Ra8 Ng4 39. Re8 Kg7 40. Qa1+ Kg8 41. Qe1 Rh2# 0-1


[Site "https://www.chess.com"]

[Event "Titled Tuesday Blitz March 15 Late 2022"]
[White "Della Morte, German"]
[Black "Borodavkin, Anatoly"]
[WhiteFideId "113522"]
[BlackFideId "14150662"]
[WhiteElo "2363"]
[BlackElo "1845"]
[Result "1-0"]
[Round "01"]
[TimeControl "180+1"]
[Date "2022.03.16"]
[WhiteClock "0:00:47"]
[BlackClock "0:00:02"]

1. e4 e5 2. Nf3 Nf6 3. Nxe5 d6 4. Nc4 Nxe4 5. Nc3 Nxc3 6. bxc3 Be7 7. d4 d5 8. Ne3 O-O 9. Bd3 Be6 10. O-O Nd7 11. Re1 Nf6 12. f4 c6 13. f5 Bd7 14. Qf3 Re8 15. Bd2 Qc7 16. Ng4 Nxg4 17. Qxg4 Bf6 18. Bf4 Qa5 19. Be5 Qxc3 20. Bxf6 Rxe1+ 21. Bf1 g6 22. Rxe1 Qxe1 23. Qg5 Re8 24. Be5 Rxe5 25. dxe5 Qxe5 26. Qd8+ Qe8 27. Qc7 Bxf5 28. Kf2 Qe4 29. Bd3 Qd4+ 30. Ke2 Bxd3+ 31. cxd3 Qb2+ 32. Kf3 Qf6+ 33. Ke2 Qb2+ 34. Kf1 Kg7 35. a4 Qb1+ 36. Ke2 Qb2+ 37. Kf3 a6 38. h4 Qf6+ 39. Kg3 h5 40. Qxb7 Qe5+ 41. Kf3 Qd4 42. Ke2 Qe5+ 43. Kf3 Qf6+ 44. Kg3 Qe5+ 45. Kf2 Qf4+ 46. Ke2 Qe5+ 47. Kd1 Qc3 48. Qxa6 c5 49. Qb5 d4 50. a5 Qa1+ 51. Ke2 Qg1 52. Qxc5 Qxg2+ 53. Kd1 Qf1+ 54. Kd2 Qf2+ 55. Kc1 Qe1+ 56. Kb2 Qe2+ 57. Qc2 Qe5 58. Qa4 Qb8+ 59. Qb3 Qa7 60. Qb6 1-0


[Site "https://www.chess.com"]

[Event "Titled Tuesday Blitz March 15 Late 2022"]
[White "Donchenko, Alexander"]
[Black "Elissalt Cardenas, Hector"]
[WhiteFideId "24603295"]
[BlackFideId "3500632"]
[WhiteElo "2539"]
[BlackElo "2159"]
[Result "1-0"]
[Round "01"]
[TimeControl "180+1"]
[Date "2022.03.16"]
[WhiteClock "0:02:01"]
[BlackClock "0:00:30"]

1. d4 d5 2. c4 e6 3. Nf3 Nf6 4. g3 Be7 5. Bg2 O-O 6. O-O c6 7. Qc2 b6 8. Nbd2 Ba6 9. b3 Nbd7 10. Bb2 Rc8 11. a4 c5 12. a5 cxd4 13. axb6 Qxb6 14. Bxd4 Bc5 15. Bxc5 Nxc5 16. b4 Nce4 17. c5 Qb7 18. Nxe4 Nxe4 19. Ne5 Bb5 20. Rfd1 f6 21. Nf3 e5 22. Nh4 Bc6 23. Nf5 Rf7 24. Bxe4 dxe4 25. Nd6 Qc7 26. b5 1-0


[Site "https://www.chess.com"]

[Event "Titled Tuesday Blitz March 15 Late 2022"]
[White "Drozdowski, Kacper"]
[Black "Cremisi, Daniel"]
[WhiteFideId "1136720"]
[BlackFideId "2089882"]
[WhiteElo "2507"]
[BlackElo "2172"]
[Result "1-0"]
[Round "01"]
[TimeControl "180+1"]
[Date "2022.03.15"]
[WhiteClock "0:00:33"]
[BlackClock "0:00:02"]

1. e4 e6 2. d4 d5 3. Nd2 dxe4 4. Nxe4 Nd7 5. Nf3 Ngf6 6. Nxf6+ Nxf6 7. Bd3 Be7 8. O-O O-O 9. Qe2 b6 10. b3 Bb7 11. Bb2 c5 12. Rad1 cxd4 13. Nxd4 Qc7 14. Rfe1 Rfe8 15. c4 Bc5 16. Bb1 Rad8 17. h3 a6 18. Nf3 Rxd1 19. Rxd1 Rd8 20. Bxf6 gxf6 21. Kf1 Rxd1+ 22. Qxd1 Qf4 23. Qd2 Qxd2 24. Nxd2 f5 25. g3 Kg7 26. Ke2 Kf6 27. f4 h5 28. h4 Bd6 29. Nf3 e5 30. fxe5+ Bxe5 31. Nxe5 Kxe5 32. b4 Be4 33. Bxe4 fxe4 34. g4 hxg4 35. h5 f5 36. h6 Kf6 37. c5 bxc5 38. bxc5 f4 39. c6 g3 40. h7 f3+ 41. Kf1 Kg7 42. c7 e3 43. h8=Q+ Kxh8 44. c8=Q+ 1-0


[Site "https://www.chess.com"]

[Event "Titled Tuesday Blitz March 15 Late 2022"]
[White "Dylag, Emilia"]
[Black "Ezat, Mohamed"]
[WhiteFideId "21805172"]
[BlackFideId "10600906"]
[WhiteElo "1932"]
[BlackElo "2386"]
[Result "0-1"]
[Round "01"]
[TimeControl "180+1"]
[Date "2022.03.16"]
[WhiteClock "0:00:23"]
[BlackClock "0:00:19"]

1. Nf3 Nf6 2. c4 g6 3. b3 Bg7 4. Bb2 O-O 5. e3 c5 6. Be2 Nc6 7. O-O a6 8. d4 cxd4 9. Nxd4 d6 10. Nxc6 bxc6 11. Bf3 Bb7 12. Na3 Qc7 13. Nc2 c5 14. Bxb7 Qxb7 15. f3 Rfd8 16. e4 a5 17. Ne3 a4 18. Qc2 axb3 19. axb3 Rxa1 20. Bxa1 Rb8 21. Rb1 Ra8 22. Bc3 Ra3 23. Qb2 Qa7 24. Ra1 Rxa1+ 25. Qxa1 Qxa1+ 26. Bxa1 Nd7 27. Bxg7 Kxg7 28. Nd5 e6 29. Nc3 Kf6 30. Kf2 Ke7 31. Ke3 Ne5 32. h3 Nc6 33. Ne2 Kd7 34. f4 Kc7 35. g4 Kb6 36. Kd3 Ka5 37. Nc3 Nd4 38. e5 dxe5 39. fxe5 Nxb3 40. Ne4 Kb4 41. Ng5 Na5 42. Nxf7 Nxc4 43. Ng5 Nxe5+ 44. Ke4 Nd7 45. Nxe6 c4 46. Nd4 c3 47. h4 Kc4 48. Nc2 Nf6+ 49. Kf4 Kd3 50. Nb4+ Kd2 51. Kg5 Nd5 52. Na2 c2 53. Kh6 Nb4 54. Nc1 Kxc1 55. Kxh7 Kd2 56. Kxg6 c1=Q 57. h5 Qc6+ 58. Kg7 Qd7+ 59. Kh8 Qxg4 60. h6 Qc8+ 61. Kh7 Nd5 62. Kg7 Qd7+ 63. Kg8 Qe8+ 64. Kg7 Qe7+ 65. Kg8 Nf6+ 0-1


[Site "https://www.chess.com"]

[Event "Titled Tuesday Blitz March 15 Late 2022"]
[White "Farmani Anosheh, Armin"]
[Black "Matinian, Nikita"]
[WhiteFideId "24613240"]
[BlackFideId "24129100"]
[WhiteElo "2289"]
[BlackElo "2422"]
[Result "0-1"]
[Round "01"]
[TimeControl "180+1"]
[Date "2022.03.16"]
[WhiteClock "0:00:03"]
[BlackClock "0:01:16"]

1. d4 Nf6 2. c4 e6 3. Nf3 Bb4+ 4. Nbd2 d5 5. a3 Be7 6. g3 b6 7. Bg2 Bb7 8. cxd5 exd5 9. O-O O-O 10. Ne5 Nbd7 11. Ndf3 c5 12. Bf4 Rc8 13. Nxd7 Qxd7 14. Ne5 Qb5 15. dxc5 bxc5 16. b4 d4 17. bxc5 Bxg2 18. Kxg2 Bxc5 19. Nd3 Bb6 20. Kg1 Rfe8 21. Rb1 Qh5 22. a4 Rxe2 23. Rb5 Qf3 24. Ne5 Qe4 25. a5 Bd8 26. f3 Qc2 27. Qxc2 Rcxc2 28. g4 Bc7 29. Bg3 h5 30. g5 h4 31. gxf6 hxg3 32. hxg3 Rg2+ 33. Kh1 Rh2+ 34. Kg1 Rcg2# 0-1


[Site "https://www.chess.com"]

[Event "Titled Tuesday Blitz March 15 Late 2022"]
[White "Federzoni, Enzo"]
[Black "Kosteniuk, Alexandra"]
[WhiteFideId "2173301"]
[BlackFideId "4128125"]
[WhiteElo "1956"]
[BlackElo "2469"]
[Result "0-1"]
[Round "01"]
[TimeControl "180+1"]
[Date "2022.03.16"]
[WhiteClock "0:01:50"]
[BlackClock "0:02:11"]

1. c4 e5 2. g3 Nf6 3. Bg2 d5 4. cxd5 Nxd5 5. Nc3 Nb6 6. Nf3 Nc6 7. O-O Be7 8. e3 Bg4 9. a3 O-O 10. Qc2 a5 11. b3 Qd7 12. Re1 Rad8 13. Ne4 Qd3 14. Qxd3 Rxd3 15. Bb2 Rxb3 16. Nxe5 Rxb2 17. Nxg4 h5 18. Nc3 hxg4 19. a4 Rxd2 20. Nb5 Bd6 0-1


[Site "https://www.chess.com"]

[Event "Titled Tuesday Blitz March 15 Late 2022"]
[White "Fedoseev, Vladimir"]
[Black "Levitskiy, Andrey"]
[WhiteFideId "24130737"]
[BlackFideId "14132885"]
[WhiteElo "2726"]
[BlackElo "2301"]
[Result "1-0"]
[Round "01"]
[TimeControl "180+1"]
[Date "2022.03.15"]
[WhiteClock "0:01:32"]
[BlackClock "0:00:02"]

1. Nf3 Nf6 2. g3 d5 3. Bg2 Bf5 4. O-O e6 5. c4 c6 6. Qb3 Qb6 7. d3 Nbd7 8. Qc2 Be7 9. Nbd2 O-O 10. b3 a5 11. a3 h6 12. Bb2 Rfe8 13. Bc3 c5 14. cxd5 exd5 15. e4 dxe4 16. dxe4 Bh7 17. a4 Rad8 18. Rfe1 Bf8 19. Nc4 Qa6 20. Nfd2 b6 21. h3 Nd5 22. Rad1 Nxc3 23. Qxc3 g5 24. e5 Bg7 25. Bc6 Re6 26. Bd5 Re7 27. Nf3 Kh8 28. Bc6 Qc8 29. Rd6 f6 30. Bxd7 Rexd7 31. Nxb6 Qc7 32. Nxd7 Rxd7 33. Rxd7 Qxd7 34. exf6 Bf8 35. f7+ 1-0


[Site "https://www.chess.com"]

[Event "Titled Tuesday Blitz March 15 Late 2022"]
[White "Fishbein, Alexander"]
[Black "Petrova, Irina"]
[WhiteFideId "2000377"]
[BlackFideId "14124122"]
[WhiteElo "2442"]
[BlackElo "1993"]
[Result "1-0"]
[Round "01"]
[TimeControl "180+1"]
[Date "2022.03.16"]
[WhiteClock "0:00:17"]
[BlackClock "0:00:11"]

1. e4 d6 2. d4 Nf6 3. Bd3 e5 4. c3 d5 5. dxe5 Nxe4 6. Nf3 Nc6 7. O-O Bg4 8. Nbd2 Nc5 9. Bc2 Be7 10. Re1 d4 11. Ne4 dxc3 12. Nxc5 Bxc5 13. bxc3 Qxd1 14. Bxd1 O-O-O 15. h3 Bh5 16. g4 Bg6 17. Bb3 Rhe8 18. Bg5 Rd3 19. Nh4 Rxe5 20. Nxg6 hxg6 21. Bf4 Rxe1+ 22. Rxe1 Rf3 23. Be3 Bxe3 24. fxe3 Ne5 25. Kg2 Rf6 26. g5 Rd6 27. Rf1 Rd2+ 28. Kg3 Rd3 29. Kf4 f6 30. Be6+ Kd8 31. c4 Rd6 32. Bg8 Nd3+ 33. Kg4 Ne5+ 34. Kf4 Nd3+ 35. Kg4 f5+ 36. Kg3 Ne5 37. h4 Rd3 38. Kf4 Nc6 39. Bf7 Ne7 40. h5 gxh5 41. Bxh5 g6 42. Bf3 c6 43. Rh1 Kd7 44. Rh7 Kd6 45. e4 fxe4 46. Bxe4 Rd4 47. c5+ Ke6 48. Ke3 Ra4 49. Bc2 Ra3+ 50. Bb3+ Kf5 51. Rxe7 Kxg5 52. Rxb7 Ra5 53. Kd4 a6 54. Rb6 Kf4 55. Rxc6 g5 56. Rf6+ Kg3 57. c6 1-0


[Site "https://www.chess.com"]

[Event "Titled Tuesday Blitz March 15 Late 2022"]
[White "Fishbein, Mitch"]
[Black "Costachi, Mihnea"]
[WhiteFideId "30922917"]
[BlackFideId "1217518"]
[WhiteElo "1939"]
[BlackElo "2464"]
[Result "0-1"]
[Round "01"]
[TimeControl "180+1"]
[Date "2022.03.16"]
[WhiteClock "0:00:05"]
[BlackClock "0:01:27"]

1. d4 c5 2. d5 Nf6 3. Nc3 b5 4. Nxb5 g6 5. Nf3 Bg7 6. Nc3 O-O 7. e4 e6 8. Be2 exd5 9. exd5 d6 10. O-O Ba6 11. Re1 Bxe2 12. Rxe2 Nbd7 13. Bf4 Nb6 14. a4 Rb8 15. Nb5 Nc8 16. Rb1 a6 17. Na3 Nb6 18. c4 Qd7 19. b3 Rfe8 20. Rxe8+ Rxe8 21. Qd3 Nh5 22. Bd2 Nc8 23. Re1 Rxe1+ 24. Bxe1 Nf4 25. Qe4 Qg4 26. Nd2 Bc3 27. Qf3 Qxf3 28. Nxf3 Bxe1 29. Nxe1 Ne2+ 30. Kf1 Nd4 31. Nd3 Nxb3 32. Ke2 Nb6 33. a5 Nxa5 34. Nb2 Nb3 35. Kd3 Kf8 36. Kc3 Nd4 37. Kd3 Ke7 38. Nd1 f5 39. Nc3 h5 40. Nab1 g5 41. Nd2 a5 42. Nf1 a4 43. Ne3 a3 44. Na2 Na4 45. Nc2 Nb2+ 46. Kc3 Nd1+ 47. Kd2 Nxf2 48. Nxd4 cxd4 49. Ke2 Ng4 50. h3 Ne5 51. Nb4 Nxc4 52. Kd3 Ne3 53. Kxd4 Nxg2 54. Kd3 Nf4+ 55. Ke3 Nxh3 56. Kf3 Nf4 57. Kg3 Kf6 58. Kf3 Ke5 0-1


[Site "https://www.chess.com"]

[Event "Titled Tuesday Blitz March 15 Late 2022"]
[White "Galperin, Platon"]
[Black "Ozates, Tuna"]
[WhiteFideId "14165414"]
[BlackFideId "6354521"]
[WhiteElo "2432"]
[BlackElo "1887"]
[Result "1-0"]
[Round "01"]
[TimeControl "180+1"]
[Date "2022.03.15"]
[WhiteClock "0:02:11"]
[BlackClock "0:01:56"]

1. Nf3 c5 2. e3 Nc6 3. d4 cxd4 4. exd4 d5 5. Bb5 Nf6 6. Nbd2 Qb6 7. c4 dxc4 8. a4 e6 9. O-O a6 10. Nxc4 Qc7 11. Bxc6+ Qxc6 12. Nfe5 Qd5 13. Nb6 Qe4 14. Nxa8 Bd6 15. Nb6 O-O 16. Re1 Qh4 17. g3 Qh3 18. Qc2 h5 19. Nxc8 Bxe5 20. dxe5 Ng4 21. f3 h4 22. Ne7+ Kh8 23. Qg2 1-0


[Site "https://www.chess.com"]

[Event "Titled Tuesday Blitz March 15 Late 2022"]
[White "Garagulya, Konstantin"]
[Black "Moroni, Luca Jr"]
[WhiteFideId "4128931"]
[BlackFideId "865834"]
[WhiteElo "2329"]
[BlackElo "2573"]
[Result "0-1"]
[Round "01"]
[TimeControl "180+1"]
[Date "2022.03.16"]
[WhiteClock "0:00:04"]
[BlackClock "0:00:08"]

1. d4 d6 2. e4 e5 3. Nf3 exd4 4. Nxd4 Nf6 5. Nc3 Be7 6. Be2 O-O 7. O-O Re8 8. Re1 Bf8 9. f3 c6 10. Bg5 h6 11. Bh4 a5 12. a4 Na6 13. Qd2 Be7 14. Rad1 Nb4 15. Bf2 Bf8 16. Bc4 d5 17. exd5 Rxe1+ 18. Rxe1 Nbxd5 19. Nxd5 Nxd5 20. c3 Nb6 21. Ba2 Bd6 22. Rd1 Bc7 23. Bg3 Bxg3 24. hxg3 Qf6 25. Bb3 Bd7 26. Qf2 c5 27. Nb5 Bxb5 28. axb5 c4 29. Ba2 Rd8 30. Rxd8+ Qxd8 31. Qc5 Nd7 32. Qxc4 Ne5 33. Qd4 Qe7 34. Kf2 Nd7 35. Qd5 b6 36. Qd4 Nc5 37. Bd5 h5 38. Kg1 Qc7 39. Kh2 Nd7 40. Qf4 Ne5 41. c4 Qe7 42. Qd4 Nd7 43. Bc6 Nc5 44. Bd5 g6 45. Qf4 Kg7 46. Qd4+ Qf6 47. Qd2 Qe5 48. f4 Qf6 49. Kh3 Qf5+ 50. Kh2 Qf6 51. Bf3 h4 52. g4 Ne6 53. g3 hxg3+ 54. Kxg3 Nd4 55. Bd5 g5 56. fxg5 Qe5+ 57. Kg2 Kf8 58. Qf2 f5 59. gxf5 Nb3 60. f6 Nc5 61. Qf3 Qxg5+ 62. Qg3 Qxf6 63. Qb8+ Kg7 64. Qc7+ Kh6 65. Qc6 Kg5 66. Qxf6+ Kxf6 67. Kf3 Ke5 68. Ke3 Na4 69. b3 Nc5 70. Kd2 Nxb3+ 71. Kc3 Nc5 72. Bc6 Kf4 73. Kd4 Kf5 74. Bf3 Ke6 75. Bd1 Kd6 76. Bc2 Ne6+ 77. Kc3 Kc5 78. Bf5 Nf4 79. Be4 Ne6 80. Bd5 Nc7 81. Be4 Ne8 82. Bc2 Nd6 83. Bb3 Ne4+ 84. Kd3 Nf2+ 85. Kc3 Ng4 86. Bd1 Ne5 87. Bb3 Kd6 88. Kd4 Nd7 89. Kc3 Nc5 90. Bc2 Ke5 91. Bd1 Kf4 92. Kd4 Kg3 93. Kd5 Kf4 94. Kc6 a4 95. Bc2 a3 96. Bb1 Na4 97. Ba2 Ke3 98. Bb3 Kd4 99. c5 Nxc5 100. Ba2 Na4 101. Kb7 Kc3 102. Ka6 Kb4 103. Bb1 Kb3 104. Bf5 Kb2 105. Be6 a2 106. Bxa2 Kxa2 107. Kb7 Kb3 108. Kc6 Kb4 0-1


[Site "https://www.chess.com"]

[Event "Titled Tuesday Blitz March 15 Late 2022"]
[White "Garriga Cazorla, Pere"]
[Black "Fernandez Siles, Luis"]
[WhiteFideId "32011601"]
[BlackFideId "2209420"]
[WhiteElo "2458"]
[BlackElo "2212"]
[Result "1-0"]
[Round "01"]
[TimeControl "180+1"]
[Date "2022.03.16"]
[WhiteClock "0:00:44"]
[BlackClock "0:00:19"]

1. Nf3 f5 2. e3 Nf6 3. d4 g6 4. c4 Bg7 5. Nc3 O-O 6. Be2 d6 7. O-O Nc6 8. d5 Ne5 9. Nxe5 dxe5 10. c5 e4 11. Bc4 Kh8 12. h3 b6 13. c6 Ne8 14. Bd2 Nd6 15. Bb3 g5 16. f3 Ba6 17. Rf2 Bd3 18. fxe4 fxe4 19. Rxf8+ Qxf8 20. Bc2 Qf5 21. Bxd3 exd3 22. Qg4 Rf8 23. Re1 Qxg4 24. hxg4 Nc4 25. Ne4 Nxd2 26. Nxd2 Bxb2 27. Rd1 Be5 28. Nf3 Bf6 29. Rxd3 Rd8 30. e4 e5 31. Kf2 Kg7 32. Ke3 h6 33. Ra3 a5 34. Rb3 Kf7 35. Kd3 Ke7 36. Nd2 Kd6 37. Nc4+ Ke7 38. Ne3 Rh8 39. Nf5+ Kd8 40. d6 h5 41. Kc4 hxg4 42. Kd5 Rh2 43. Ke6 Bh8 44. Rd3 Rxg2 45. Ne7 Rh2 46. dxc7+ Kxc7 47. Rd7+ 1-0


[Site "https://www.chess.com"]

[Event "Titled Tuesday Blitz March 15 Late 2022"]
[White "Grischuk, Alexander"]
[Black "VinceBlitzSociety"]
[WhiteFideId "4126025"]
[WhiteElo "2762"]
[BlackElo "2548"]
[Result "1-0"]
[Round "01"]
[TimeControl "180+1"]
[Date "2022.03.15"]
[WhiteClock "0:01:02"]
[BlackClock "0:01:48"]

1. e4 c5 2. Nc3 Nc6 3. Bb5 Nd4 4. Nf3 a6 5. Bd3 e6 6. O-O Nc6 7. b3 Nf6 8. Bb2 d6 9. Re1 Be7 10. e5 dxe5 11. Nxe5 Nxe5 12. Rxe5 b6 13. Qf3 Rb8 14. Qg3 Bd6 15. f4 Bxe5 16. fxe5 Nh5 17. Qg4 g6 18. Ne4 O-O 19. Nf6+ Nxf6 20. exf6 Qd6 21. Qg5 Rd8 22. Be5 1-0


[Site "https://www.chess.com"]

[Event "Titled Tuesday Blitz March 15 Late 2022"]
[White "Hambleton, Aman"]
[Black "Zaksaite, Salomeja"]
[WhiteFideId "2606577"]
[BlackFideId "12801496"]
[WhiteElo "2552"]
[BlackElo "1953"]
[Result "1-0"]
[Round "01"]
[TimeControl "180+1"]
[Date "2022.03.16"]
[WhiteClock "0:00:01"]
[BlackClock "0:00:03"]

1. d4 Nf6 2. c4 g6 3. Nc3 d5 4. cxd5 Nxd5 5. Bd2 Bg7 6. e4 Nb6 7. Be3 O-O 8. h3 e5 9. d5 c6 10. Qb3 cxd5 11. exd5 Na6 12. Rd1 Bd7 13. Nf3 Rc8 14. Ng5 Nc5 15. Bxc5 Rxc5 16. Ne6 Rxc3 17. bxc3 Ba4 18. Nxd8 Bxb3 19. axb3 Rxd8 20. c4 e4 21. Rc1 a5 22. Be2 a4 23. bxa4 Nxa4 24. O-O Nc5 25. Rb1 f5 26. Rb5 Rc8 27. Rfb1 Bd4 28. Ra5 Kf7 29. g3 g5 30. Kg2 f4 31. Bg4 Rc7 32. Ra8 f3+ 33. Kf1 Nd3 34. Ra2 Kf6 35. d6 Rg7 36. d7 Ke7 37. Rxb7 1-0


[Site "https://www.chess.com"]

[Event "Titled Tuesday Blitz March 15 Late 2022"]
[White "Holt, Conrad"]
[Black "Spitzl, Vinzent"]
[WhiteFideId "2034387"]
[BlackFideId "12901253"]
[WhiteElo "2586"]
[BlackElo "2160"]
[Result "1-0"]
[Round "01"]
[TimeControl "180+1"]
[Date "2022.03.16"]
[WhiteClock "0:00:17"]
[BlackClock "0:00:01"]

1. d4 d5 2. c4 e6 3. Nc3 Nf6 4. cxd5 exd5 5. Bg5 Bb4 6. e3 h6 7. Bxf6 Qxf6 8. Qb3 c5 9. Qxd5 Nc6 10. Nf3 Be6 11. Qe4 cxd4 12. exd4 O-O 13. Bd3 g6 14. O-O Rad8 15. d5 Bf5 16. Qc4 Bxc3 17. Bxf5 Qxf5 18. dxc6 Bf6 19. c7 Rc8 20. Rfd1 Qa5 21. Rd7 Bxb2 22. Rb1 Qa3 23. Qc2 Bf6 24. Rxb7 Qa6 25. Rb1 Rfe8 26. h3 Re6 27. Rb8 Ree8 28. Qb3 1-0


[Site "https://www.chess.com"]

[Event "Titled Tuesday Blitz March 15 Late 2022"]
[White "Iskusnyh, Sergei"]
[Black "Burke, Paul"]
[WhiteFideId "4120027"]
[BlackFideId "2605767"]
[WhiteElo "2492"]
[BlackElo "1892"]
[Result "1-0"]
[Round "01"]
[TimeControl "180+1"]
[Date "2022.03.16"]
[WhiteClock "0:00:56"]
[BlackClock "0:00:59"]

1. d4 Nf6 2. c4 c5 3. d5 Ne4 4. Qc2 Qa5+ 5. Nc3 Nxc3 6. Bd2 d6 7. Bxc3 Qd8 8. e4 Nd7 9. Nf3 Nf6 10. e5 dxe5 11. Nxe5 g6 12. Qa4+ Bd7 13. Nxd7 Qxd7 14. Qxd7+ Kxd7 15. g3 Bg7 16. Bh3+ Kc7 17. O-O-O Rhg8 18. Rhe1 Rae8 19. Rxe7+ Rxe7 20. d6+ Kd8 21. dxe7+ Kxe7 22. b4 b6 23. bxc5 bxc5 24. Kc2 Rd8 25. Rb1 a5 26. Rb7+ Ke8 27. Ra7 Nh5 28. Bxa5 Rd4 29. Kb3 Rd3+ 30. Ka4 Rf3 31. Bb6 Rxf2 32. Ra8+ 1-0


[Site "https://www.chess.com"]

[Event "Titled Tuesday Blitz March 15 Late 2022"]
[White "Issani, Nameer"]
[Black "Xiong, Jeffery"]
[WhiteFideId "2619130"]
[BlackFideId "2047640"]
[WhiteElo "2544"]
[BlackElo "2727"]
[Result "0-1"]
[Round "01"]
[TimeControl "180+1"]
[Date "2022.03.15"]
[WhiteClock "0:00:36"]
[BlackClock "0:00:57"]

1. d4 g6 2. c4 Bg7 3. Nc3 c5 4. Nf3 cxd4 5. Nxd4 Nc6 6. e3 Nh6 7. Be2 O-O 8. O-O d6 9. Bf3 Nxd4 10. exd4 Nf5 11. Be3 Bd7 12. Rc1 Rb8 13. b3 a6 14. a4 Qa5 15. Nd5 e6 16. Nf4 Rfc8 17. Ne2 Nxe3 18. fxe3 b5 19. axb5 axb5 20. Qd3 bxc4 21. bxc4 Qb4 22. Rb1 Qa5 23. Ra1 Qg5 24. Rfc1 Bh6 25. Nf4 Be8 26. Rab1 Qa5 27. Ra1 Qb6 28. Rab1 Qd8 29. Ra1 Rb4 30. Rab1 Qb6 31. Rxb4 Qxb4 32. Qc3 Qa4 33. Qd3 Bb5 34. Be2 d5 35. Qc3 Bxc4 36. Ra1 Qe8 37. Bf3 Be2 38. Qd2 Bxf3 39. gxf3 Bxf4 40. exf4 Qe7 41. Qe3 Qf6 42. Qe5 Kg7 43. Kf2 Rc4 44. Ke3 Rc3+ 45. Ke2 Rc2+ 46. Ke3 Rxh2 47. Ra8 Qxe5+ 48. fxe5 g5 49. Ra7 h5 50. Ra8 Rh3 51. Kf2 g4 52. fxg4 hxg4 53. Ra1 Kg6 54. Rg1 Kf5 55. Ke2 Ra3 56. Rh1 Ke4 57. Rh4 Rg3 58. Rh7 Rf3 59. Rg7 Rf4 60. Rg5 Kxd4 61. Kd2 Ke4 62. Kc3 Kf3 63. Rg7 g3 64. Rg8 g2 65. Kb2 Rg4 66. Rb8 g1=Q 67. Rb3+ Ke2 68. Ka3 Qc5+ 69. Ka2 Ra4+ 70. Kb2 Qd4+ 71. Kc2 Ra2+ 72. Kb1 Qa1# 0-1


[Site "https://www.chess.com"]

[Event "Titled Tuesday Blitz March 15 Late 2022"]
[White "Izoria, Zviad"]
[Black "Rengifo Blancas, Renzo Jhonathan"]
[WhiteFideId "13601733"]
[BlackFideId "3807185"]
[WhiteElo "2626"]
[BlackElo "2058"]
[Result "1-0"]
[Round "01"]
[TimeControl "180+1"]
[Date "2022.03.16"]
[WhiteClock "0:01:39"]
[BlackClock "0:01:03"]

1. Nf3 Nf6 2. c4 e6 3. Nc3 d5 4. e3 c5 5. d4 Nc6 6. cxd5 exd5 7. Bb5 Be7 8. O-O O-O 9. dxc5 Bxc5 10. b3 Be6 11. Bb2 Rc8 12. Rc1 Bd6 13. h3 a6 14. Bd3 h6 15. Ne2 Ne4 16. Nf4 Bxf4 17. exf4 Qd6 18. Bxe4 Qxf4 19. Bb1 Rfd8 20. Qd3 g6 21. Qe3 Qxe3 22. fxe3 Nb4 23. Rxc8 Rxc8 24. Rc1 Rd8 25. Rc7 Rc8 26. Rxc8+ Bxc8 27. Nd4 Nc6 28. Nxc6 bxc6 29. Bd4 Kf8 30. b4 Ke7 31. Bd3 Ke6 32. Kf2 f5 33. Bg7 h5 34. h4 Kf7 35. Bd4 Ke6 36. g3 Bb7 37. Ke2 Bc8 38. Kd2 Bb7 39. Kc3 Bc8 40. Kb3 Bb7 41. Ka4 Kd7 42. Ka5 1-0


[Site "https://www.chess.com"]

[Event "Titled Tuesday Blitz March 15 Late 2022"]
[White "Janturin, Artur"]
[Black "Gledura, Benjamin"]
[WhiteFideId "4130022"]
[BlackFideId "712779"]
[WhiteElo "2356"]
[BlackElo "2326"]
[Result "0-1"]
[Round "01"]
[TimeControl "180+1"]
[Date "2022.03.16"]
[WhiteClock "0:00:06"]
[BlackClock "0:00:14"]

1. b3 c5 2. Bb2 Nc6 3. e3 a6 4. f4 d5 5. Nf3 Bf5 6. Be2 e6 7. O-O h6 8. Ne5 Nxe5 9. Bxe5 Nf6 10. Bf3 Bd6 11. Nc3 Bh7 12. Qe2 O-O 13. d3 Bxe5 14. fxe5 Nd7 15. d4 cxd4 16. exd4 Rc8 17. Qe3 Nxe5 18. dxe5 d4 19. Qf4 Rxc3 20. Bxb7 Rxc2 21. Bxa6 d3 22. Bc4 Qa8 23. Rf2 Qa7 24. Rf1 Bf5 25. g4 Bg6 26. h4 h5 27. Bxe6 hxg4 28. Bxg4 d2 29. Kg2 Rd8 30. e6 fxe6 31. Bxe6+ Kh8 32. Rd1 Qe7 33. Bg4 Be4+ 34. Kh2 Qxh4+ 35. Bh3 Qxf4+ 36. Rxf4 Rc1 37. Bg4 Bc2 38. Rff1 Bxd1 39. Rxd1 Rxd1 40. Bxd1 Rc8 0-1


[Site "https://www.chess.com"]